 Dungeon Crawl Stone Soup version 0.27-a0-1196-g3e9cee4cb2 (webtiles) character file.

Game seed: 13972771580288827848

4 Glokmah the Covert (level 1, -2/23 HPs)
             Began as a Gnoll Delver on May 29, 2021.
             Slain by an orc
             ... wielding a +0 dagger
              (3 damage)
             ... on level 5 of the Dungeon.
             The game lasted 00:00:34 (76 turns).

Glokmah the Covert (Gnoll Delver)                     Turns: 76, Time: 00:00:35

Health: -2/23      AC:  3    Str: 11    XL:     1   Next: 70%
Magic:  1/1        EV: 13    Int:  9    God:
Gold:   10         SH:  0    Dex: 13    Spells: 0/0 levels left

rFire    . . .     SeeInvis .   a - +0 hand axe
rCold    . . .     Faith    .   (no shield)
rNeg     . . .     Spirit   .   b - +0 leather armour
rPois    .         Reflect  .   (no helmet)
rElec    .         Harm     .   (no cloak)
rCorr    .         Rampage  .   (no gloves)
Will     .....                  (no boots)
Stlth    +.........             (no amulet)
HPRegen  0.07/turn              (no ring)
MPRegen  0.07/turn              (no ring)

@: confused
A: fangs 1, strong nose, distributed training
a: no special abilities


You were on level 5 of the Dungeon.
You visited 1 branch of the dungeon, and saw 2 of its levels.

You collected 10 gold pieces.

Inventory:

Hand Weapons
 a - a +0 hand axe (weapon)
Armour
 b - a +0 leather armour (worn)
Wands
 g - a wand of digging (8)
Scrolls
 c - a scroll of fog
 e - a scroll of fear
 i - a scroll of amnesia {unknown}
Potions
 f - a potion of haste
 h - 3 potions of flight {unknown}


   Skills:
 + Level 6.4 Fighting
 + Level 0.1 Short Blades
 + Level 0.1 Long Blades
 + Level 4.4 Axes
 + Level 0.1 Maces & Flails
 + Level 0.1 Polearms
 + Level 0.1 Staves
 + Level 0.1 Slings
 + Level 0.1 Bows
 + Level 0.1 Crossbows
 + Level 0.1 Throwing
 + Level 0.1 Armour
 + Level 4.4 Dodging
 + Level 9.5 Stealth
 + Level 0.1 Shields
 + Level 0.1 Unarmed Combat
 + Level 0.1 Spellcasting
 + Level 0.1 Conjurations
 + Level 0.1 Hexes
 + Level 0.1 Summonings
 + Level 0.1 Necromancy
 + Level 0.1 Translocations
 + Level 0.1 Transmutations
 + Level 0.1 Fire Magic
 + Level 0.1 Ice Magic
 + Level 0.1 Air Magic
 + Level 0.1 Earth Magic
 + Level 0.1 Poison Magic
 + Level 0.2 Invocations
 + Level 0.1 Evocations


You couldn't memorise any spells.
You didn't know any spells.
Your spell library was empty.

Dungeon Overview and Level Annotations

Branches:
Dungeon (5/15)
 Temple: D:4-7

Altars:


Innate Abilities, Weirdness & Mutations

You have very sharp teeth.
Your uncanny sense of smell can sniff out nearby items.
Your experience applies equally to all skills.


Message History

You barely miss the orc wizard.
The orc wizard hits you with a +0 dagger of holy wrath.
You hit the orc wizard.
The orc wizard is moderately wounded.
You barely miss the orc. The orc closely misses you.
The orc wizard hits you with a +0 dagger of holy wrath.
You barely miss the orc wizard.
The orc wizard is moderately wounded.
You hit the orc. x2; The orc hits you but does no damage.
The orc wizard misses you. The orc closely misses you.
You hit the orc wizard.
The orc wizard is heavily wounded.
You barely miss the orc. You hit the orc.
You kill the orc!
The orc wizard hits you with a +0 dagger of holy wrath.
* * * LOW HITPOINT WARNING * * *
The orc hits you but does no damage.
You completely miss the orc wizard.
The orc wizard is heavily wounded.
You hit the orc.
The orc wizard points at itself and mumbles some strange words.
The orc wizard flickers and vanishes!
Deactivating autopickup; reactivate with Ctrl-A.
The orc hits you with a +0 dagger.
* * * LOW HITPOINT WARNING * * *
You barely miss something. You bite something. You hit the orc.
You kill the orc!
You hear some strange, mumbled words.
You are confused.
You completely miss something. You hit the orc but do no damage.
The orc hits you with a +0 dagger.
* * * LOW HITPOINT WARNING * * *
Something hits you but does no damage.
You closely miss something. You hit the orc but do no damage.
The orc hits you with a +0 dagger.
* * * LOW HITPOINT WARNING * * *
Something hits you but does no damage.
You miss something. You bite something. You barely miss the orc.
The orc hits you with a +0 dagger.
You die...

o.....#.##.####....####...
#.......##.# #.........##
####.......# #...####### #
##.###### #^..# ......#
#...# ####### #..<#######
# #.........# #
#######..#####.# #
#.....o@....#
#.####.{)...# #.#.......
#.#....... #.#.......
#......... #. .(..... ..
....)..


You could see an orc.

Vanquished Creatures
  2 orcs (D:5)
  A kobold (D:4)
3 creatures vanquished.

Notes
Turn   | Place    | Note
-------+----------+-------------------------------------------
     0 | D:5      | Reached skill level 9 in Stealth
     0 | D:5      | Glokmah the Gnoll Delver began the quest for the Orb.
     0 | D:5      | Reached XP level 1. HP: 23/23 MP: 1/1
     6 | D:5      | Noticed an orc wizard
    21 | D:5      | Noticed a water moccasin zombie
    37 | D:4      | Noticed an ogre
    75 | D:5      | HP: 1/23 [orc/+0 dagger (1)]
    76 | D:5      | Slain by an orc

Illustrated notes

Levels and vault maps discovered:
D:4:      layout_loops_ring, supply_closet_lemuel, uniq_menkaure, uniq_edmund,
          uniq_sigmund
D:5:      layout_loops_cross, minmay_temple_entry_offerings, serial_glass,
          glass_columns_a, glass_columns_a, glass_columns_a, glass_columns_a,
          glass_columns_a, glass_columns_a, fountainhead, chequers_big_river

Skill      XL: | |
---------------+-+-----
Stealth        | |  9.5
Fighting       | |  6.4
Short Blades   | |  0.1
Long Blades    | |  0.1
Axes           | |  4.4
Maces & Flails | |  0.1
Polearms       | |  0.1
Staves         | |  0.1
Slings         | |  0.1
Bows           | |  0.1
Crossbows      | |  0.1
Throwing       | |  0.1
Armour         | |  0.1
Dodging        | |  4.4
Shields        | |  0.1
Unarmed Combat | |  0.1
Spellcasting   | |  0.1
Conjurations   | |  0.1
Hexes          | |  0.1
Summonings     | |  0.1
Necromancy     | |  0.1
Translocations | |  0.1
Transmutations | |  0.1
Fire Magic     | |  0.1
Ice Magic      | |  0.1
Air Magic      | |  0.1
Earth Magic    | |  0.1
Poison Magic   | |  0.1
Invocations    | |  0.2
Evocations     | |  0.1

Action                   || total
-------------------------++-------
Melee: Hand axe          ||    10
       Bite              ||     2
  Use: Scroll            ||     1
 Stab: Sleeping          ||     1
Armor: Leather armour    ||     4
Dodge: Dodged            ||     3

Table legend: (Time is in decaauts)
 A = Elapsed time spent in this place.
 B = Non-inter-level travel time spent in this place.
 C = Inter-level travel time spent in this place.
 D = Time resting spent in this place.
 E = Time spent auto-exploring this place.
 F = Levels seen in this place.
 G = Mean time per level.
                   A        B        C        D        E       F      G
               +--------+--------+--------+--------+--------+-----+--------+
         Total |     76 |     76 |      0 |      0 |      0 |   2 |   38.0 |
       Dungeon |     76 |     76 |      0 |      0 |      0 |   2 |   38.0 |
               +--------+--------+--------+--------+--------+-----+--------+

Top non-repeatable levels by time:
     D:5: 44 daAuts
     D:4: 32 daAuts
